Map: Acropolis LE

Players

HellraiseR - Winner!

  • Race: Protoss Protoss
  • Spawn Location: 5:00

oliM

  • Race: Protoss Protoss
  • League: Master
  • Spawn Location: 11:00

Event: NationWars 2019

VOD

Have the link to the VOD?

Description

Time

  • Played on: Nov. 12, 2019, 11:43 a.m.
  • Length: 22:17
Show
View Real Time Build Order
Export as new Build Order

HellraiseR Protoss - Winner!

Build Orders:  

Get SALT Encoding   

  12  0:00  Probe  
  13  0:12  Probe  
  14  0:17  Pylon  
  14  0:25  Probe (Chrono Boost)  
  15  0:37  Probe (Chrono Boost), Gateway  
  16  0:44  Probe (Chrono Boost)  
  16  0:46  Assimilator  
  17  0:51  Probe  
  17  0:54  Assimilator  
  18  1:03  Probe (Chrono Boost)  
  19  1:10  Gateway  
  19  1:12  Probe (Chrono Boost)  
  19  1:17  Probe (Chrono Boost)  
  20  1:24  Cybernetics Core  
  21  1:29  Probe  
  22  1:33  Pylon  
  22  1:41  Probe  
  23  1:54  Probe  
  24  1:58  Warp Gate (Chrono Boost)  
  24  2:00  Stalker  
  24  2:01  Sentry  
  28  2:06  Probe  
  29  2:09  Pylon  
  29  2:27  Stalker  
  34  2:43  Nexus, Sentry  
  33  2:45  Probe  
  34  2:55  Robotics Facility  
  34  2:58  Probe  
  35  3:10  Pylon, Probe  
  36  3:22  Probe  
  37  3:34  Probe (Chrono Boost)  
  37  3:40  Adept x2  
  42  3:43  Observer  
  42  3:46  Probe (Chrono Boost)  
  44  3:49  Forge  
  44  3:52  Probe (Chrono Boost)  
  46  3:55  Probe (Chrono Boost)  
  47  4:04  Warp Prism (Chrono Boost)  
  47  4:05  Probe x2 (Chrono Boost)  
  50  4:10  Probe (Chrono Boost)  
  50  4:12  Probe  
  52  4:22  Probe  
  52  4:23  Protoss Ground Weapons Level 1 (Chrono Boost)  
  53  4:32  Probe  
  53  4:33  Stalker  
  53  4:37  Probe, Immortal (Chrono Boost)  
  55  4:45  Probe  
  60  4:46  Adept  
  60  4:49  Probe  
  61  4:54  Observer  
  61  4:57  Probe  
  62  5:03  Pylon  
  62  5:05  Pylon  
  62  5:11  Twilight Council  
  62  5:17  Gateway  
  62  5:20  Gateway  
  62  5:21  Probe x2  
  62  5:22  Assimilator, Immortal  
  62  5:23  Adept  
  62  5:25  Assimilator  
  70  5:41  Probe x2  
  72  5:44  Blink (Chrono Boost)  
  72  5:46  Adept x2  
  76  5:51  Pylon  
  76  5:56  Pylon  
  78  6:06  Pylon  
  78  6:08  Immortal (Chrono Boost)  
  80  6:11  Stalker x2  
  80  6:18  Probe x2  
  86  6:24  Stalker  
  88  6:25  Gateway  
  88  6:26  Gateway  
  88  6:36  Protoss Ground Weapons Level 2 (Chrono Boost)  
  88  6:37  Stalker x3, Observer  
  86  6:48  Dark Shrine  
  86  6:56  Nexus  
  86  7:07  Pylon  
  86  7:08  Stalker  
  86  7:09  Stalker  
  86  7:13  Pylon  
  90  7:25  Robotics Bay  
  90  7:26  Probe x2  
  90  7:28  Photon Cannon  
  92  7:38  Probe x2  
  92  7:40  Charge, Pylon  
  94  7:50  Probe x2  
  96  7:52  Pylon  
  96  8:00  Gateway  
  96  8:02  Photon Cannon, Probe, Gateway  
  98  8:09  Dark Templar x3  
  98  8:10  Dark Templar  
  105  8:14  Dark Templar  
  105  8:19  Probe  
  108  8:22  Disruptor (Chrono Boost)  
  113  8:28  Photon Cannon  
  113  8:33  Probe  
  112  8:37  Probe  
  111  8:48  Disruptor (Chrono Boost)  
  107  8:52  Probe  
  98  8:57  Assimilator  
  98  8:58  Stalker, Assimilator  
  98  9:04  Zealot x7  
  98  9:08  Robotics Facility  
  112  9:15  Probe x2  
  112  9:19  Protoss Ground Weapons Level 3 (Chrono Boost)  
  112  9:20  Gateway  
  112  9:22  Warp Prism (Chrono Boost)  
  112  9:23  Gateway  
  114  9:36  Nexus  
  114  9:51  Pylon  
  115  9:58  Disruptor (Chrono Boost)  
  115  9:59  Observer (Chrono Boost)  
  116  10:02  Stalker x6  
  116  10:03  Gravitic Drive (Chrono Boost)  
  128  10:08  Pylon, Probe x2  
  128  10:12  Disruptor (Chrono Boost)  
  133  10:27  Disruptor (Chrono Boost)  
  136  10:31  Dark Templar  
  138  10:35  Probe x2  
  138  10:36  Probe  
  139  10:42  Zealot  
  139  10:43  Zealot x6  
  129  10:50  Probe  
  127  11:04  Observer  
  127  11:05  Probe  
  127  11:07  Probe  
  127  11:08  Stalker x7  
  144  11:15  Pylon  
  144  11:21  Probe  
  142  11:37  Observer  
  142  11:39  Disruptor  
  146  11:40  Probe  
  146  11:42  Photon Cannon  
  147  11:49  Stalker x3  
  153  11:57  Zealot x2  
  153  11:58  Dark Templar x5  
  153  12:01  Assimilator  
  167  12:02  Probe  
  167  12:05  Assimilator  
  167  12:06  Probe  
  175  12:19  Zealot x3  
  175  12:22  Disruptor (Chrono Boost)  
  161  12:30  Dark Templar x3  
  161  12:31  Zealot x4  
  167  12:40  Probe  
  157  12:46  Probe  
  154  12:54  Observer (Chrono Boost)  
  147  13:05  Zealot x2  
  142  13:09  Gateway  
  142  13:10  Gateway  
  107  13:40  Stalker, Probe  
  110  13:47  Pylon  
  110  13:53  Pylon x2  
  110  13:54  Nexus  
  108  14:03  Disruptor (Chrono Boost)  
  108  14:04  Probe  
  108  14:05  Probe  
  108  14:09  Nexus  
  113  14:10  Stalker x2  
  113  14:11  Pylon  
  113  14:12  Pylon, Stalker x4  
  113  14:17  Probe x2  
  121  14:29  Probe x2  
  123  14:32  Warp Prism (Chrono Boost)  
  125  14:41  Probe x2  
  127  14:53  Probe x2  
  127  14:56  Stalker x3  
  127  14:57  Stalker x3  
  141  15:03  Disruptor (Chrono Boost)  
  141  15:05  Probe x2  
  145  15:09  Zealot  
  145  15:10  Probe (Chrono Boost)  
  145  15:16  Photon Cannon  
  148  15:22  Probe (Chrono Boost)  
  148  15:23  Probe (Chrono Boost), Dark Templar  
  148  15:24  Stalker, Probe (Chrono Boost)  
  153  15:28  Probe (Chrono Boost), Dark Templar  
  153  15:29  Probe (Chrono Boost)  
  153  15:30  Probe (Chrono Boost)  
  153  15:31  Probe (Chrono Boost)  
  153  15:33  Disruptor (Chrono Boost)  
  158  15:36  Probe  
  158  15:41  Probe  
  158  15:42  Probe  
  164  15:44  Probe  
  165  15:52  Probe  
  165  15:53  Probe  
  167  15:59  Disruptor (Chrono Boost)  
  167  16:04  Pylon, Probe x2  
  172  16:05  Pylon  
  172  16:07  Pylon  
  172  16:22  Probe, Zealot x2  
  172  16:23  Zealot x2  
  172  16:24  Zealot  
  183  16:27  Disruptor  
  183  16:29  Probe x2  
  183  16:31  Probe  
  186  16:34  Probe  
  185  16:41  Probe x2  
  185  16:43  Probe  
  185  16:47  Probe  
  189  16:53  Probe  
  170  16:58  Photon Cannon  
  170  17:01  Stalker x4, Pylon  
  172  17:04  Observer (Chrono Boost)  
  172  17:07  Photon Cannon  
  174  17:08  Nexus  
  174  17:09  Photon Cannon  
  174  17:11  Pylon  
  174  17:12  Pylon  
  170  17:16  Observer (Chrono Boost), Robotics Facility  
  170  17:17  Photon Cannon  
  170  17:19  Probe  
  170  17:20  Probe x2  
  170  17:21  Probe  
  170  17:36  Observer (Chrono Boost), Zealot x5  
  185  17:37  Zealot  
  183  17:48  Disruptor (Chrono Boost)  
  184  17:52  Dark Templar  
  186  18:01  Probe  
  186  18:05  Probe  
  188  18:07  Probe  
  188  18:08  Pylon, Probe  
  190  18:14  Probe  
  190  18:15  Zealot x4  
  199  18:25  Nexus  
  199  18:26  Probe, Photon Cannon  
  200  18:30  Probe  
  200  18:31  Probe  
  197  18:47  Probe  
  194  18:53  Disruptor (Chrono Boost)  
  183  18:57  Stalker x5  
  183  18:58  Stalker x2  
  183  19:01  Gateway  
  183  19:02  Gateway  
  192  19:03  Disruptor (Chrono Boost)  
  192  19:04  Gateway  
  192  19:05  Gateway  
  186  19:26  Assimilator  
  186  19:28  Stalker x5  
  186  19:30  Assimilator  
  186  19:31  Disruptor (Chrono Boost)  
  199  19:33  Pylon  
  199  19:34  Observer (Chrono Boost)  
  200  19:41  Photon Cannon  
  200  19:43  Photon Cannon  
  200  19:44  Photon Cannon  
  200  19:45  Pylon, Shield Battery  
  200  19:46  Pylon  
  200  19:48  Probe  
  199  19:55  Forge  
  199  19:57  Pylon, Twilight Council  
  199  19:59  Pylon  
  199  20:14  Shadow Stride (Chrono Boost)  
  199  20:20  Gateway  
  199  20:21  Gateway  
  199  20:23  Gateway  
  199  20:24  Probe  
  199  20:26  Gateway  
  185  20:29  Observer  
  185  20:30  Dark Templar x7  
  199  20:48  Assimilator  
  199  20:49  Nexus  
  199  20:50  Assimilator  
  199  20:51  Pylon  
  199  20:52  Nexus  
  198  21:02  Dark Templar  
  198  21:10  Probe  
  178  21:11  Probe  
  178  21:17  Probe  
  178  21:18  Probe  
  178  21:22  Probe  
  172  21:26  Nexus  
  172  21:27  Pylon x2  
  172  21:29  Observer x2  
  169  21:35  Probe  
  169  21:36  Dark Templar x9  
  169  21:37  Dark Templar x7  
  171  21:44  Probe x2  
  169  22:09  Stalker x4  
  169  22:10  Stalker x2  
Show
View Real Time Build Order
Export as new Build Order

oliM Protoss 

Build Orders: Blink Stalkers 

Get SALT Encoding   

  12  0:01  Probe  
  13  0:13  Probe  
  14  0:17  Pylon  
  14  0:25  Probe  
  15  0:37  Probe (Chrono Boost), Gateway  
  16  0:47  Probe (Chrono Boost), Assimilator  
  17  0:52  Probe (Chrono Boost)  
  17  0:55  Assimilator  
  18  1:03  Probe (Chrono Boost)  
  19  1:08  Gateway  
  19  1:15  Probe (Chrono Boost)  
  20  1:23  Probe (Chrono Boost)  
  21  1:26  Cybernetics Core  
  21  1:30  Probe  
  22  1:41  Pylon  
  22  1:42  Probe  
  23  1:59  Probe  
  24  2:02  Stalker, Warp Gate, Sentry  
  28  2:11  Probe  
  28  2:15  Pylon  
  29  2:22  Pylon  
  29  2:29  Stalker  
  31  2:34  Sentry  
  33  2:51  Nexus  
  33  2:57  Probe  
  34  3:09  Probe (Chrono Boost), Twilight Council  
  35  3:15  Pylon  
  35  3:22  Probe (Chrono Boost)  
  36  3:27  Probe (Chrono Boost)  
  37  3:36  Probe (Chrono Boost)  
  37  3:41  Robotics Facility  
  38  3:42  Blink  
  38  3:47  Probe (Chrono Boost)  
  39  3:52  Probe (Chrono Boost)  
  40  3:57  Stalker  
  40  4:00  Sentry  
  45  4:03  Probe (Chrono Boost)  
  45  4:07  Probe (Chrono Boost)  
  46  4:13  Probe (Chrono Boost)  
  46  4:16  Probe (Chrono Boost)  
  48  4:21  Adept  
  48  4:24  Adept  
  46  4:32  Probe  
  46  4:37  Shield Battery  
  46  4:41  Probe (Chrono Boost)  
  46  4:44  Probe (Chrono Boost)  
  48  4:54  Probe (Chrono Boost)  
  48  4:55  Probe (Chrono Boost)  
  48  4:57  Robotics Bay  
  49  5:00  Probe (Chrono Boost)  
  49  5:01  Gateway  
  49  5:02  Gateway  
  49  5:03  Probe  
  51  5:11  Probe  
  51  5:13  Pylon  
  52  5:15  Probe  
  52  5:18  Assimilator  
  52  5:20  Assimilator  
  53  5:23  Probe  
  53  5:25  Immortal (Chrono Boost)  
  53  5:27  Probe  
  59  5:36  Probe  
  59  5:40  Probe  
  59  5:42  Pylon  
  61  5:48  Probe  
  62  5:51  Forge  
  62  5:52  Probe  
  62  5:53  Stalker  
  66  5:57  Observer (Chrono Boost)  
  66  6:00  Probe, Zealot  
  69  6:04  Probe  
  70  6:12  Probe  
  70  6:14  Pylon  
  70  6:16  Probe  
  70  6:18  Stalker x2  
  74  6:20  Zealot  
  74  6:24  Pylon  
  78  6:30  Stalker  
  78  6:32  Probe  
  79  6:33  Disruptor (Chrono Boost)  
  81  6:40  Protoss Ground Weapons Level 1  
  81  6:43  Robotics Facility  
  81  6:45  Probe  
  82  6:52  Probe  
  83  6:56  Gateway x2  
  83  7:01  Disruptor (Chrono Boost)  
  86  7:16  Nexus  
  86  7:18  Probe  
  86  7:19  Pylon  
  86  7:20  Probe  
  88  7:27  Dark Shrine  
  88  7:32  Zealot  
  88  7:34  Disruptor (Chrono Boost)  
  93  7:37  Disruptor (Chrono Boost)  
  93  7:38  Charge  
  93  7:43  Shield Battery  
  96  7:48  Pylon  
  96  7:54  Stalker x2  
  96  7:55  Stalker  
  102  8:06  Probe x2  
  105  8:14  Disruptor (Chrono Boost)  
  105  8:16  Photon Cannon  
  105  8:18  Photon Cannon  
  105  8:23  Photon Cannon  
  105  8:24  Observer (Chrono Boost)  
  106  8:28  Shield Battery  
  106  8:29  Shield Battery  
  106  8:30  Probe  
  106  8:32  Probe  
  108  8:35  Adept  
  104  8:41  Stalker x2  
  100  8:53  Stalker x2, Probe  
  97  8:55  Probe  
  97  8:56  Probe  
  97  9:05  Probe  
  97  9:07  Probe  
  97  9:08  Protoss Ground Weapons Level 2 (Chrono Boost), Probe  
  100  9:11  Photon Cannon  
  100  9:15  Dark Templar  
  102  9:17  Probe  
  102  9:19  Zealot  
  105  9:26  Stalker x2  
  105  9:30  Disruptor  
  112  9:32  Disruptor  
  115  9:39  Assimilator  
  115  9:40  Dark Templar  
  115  9:41  Assimilator  
  117  9:54  Probe  
  117  9:59  Stalker  
  120  10:00  Stalker x2  
  124  10:14  Pylon  
  124  10:15  Pylon  
  124  10:16  Pylon  
  124  10:19  Nexus  
  124  10:26  Observer  
  125  10:32  Warp Prism  
  125  10:34  Pylon  
  127  10:36  Stalker x2  
  127  10:37  Dark Templar  
  133  10:47  Disruptor  
  132  10:54  Dark Templar x2  
  132  10:55  Stalker  
  132  11:02  Probe  
  131  11:08  Disruptor  
  131  11:09  Photon Cannon  
  134  11:11  Photon Cannon  
  134  11:13  Shield Battery  
  134  11:22  Disruptor  
  134  11:28  Stalker, Probe  
  134  11:29  Stalker x5  
  147  11:40  Shield Battery  
  147  11:41  Probe  
  147  11:43  Assimilator  
  147  11:45  Probe  
  147  11:46  Probe  
  150  11:47  Probe  
  150  11:48  Assimilator  
  146  11:54  Dark Templar x3  
  146  11:55  Dark Templar  
  146  11:58  Zealot  
  156  12:08  Disruptor (Chrono Boost)  
  159  12:11  Dark Templar  
  158  12:19  Zealot  
  158  12:24  Probe  
  158  12:27  Dark Templar  
  158  12:28  Dark Templar  
  160  12:31  Zealot  
  160  12:33  Disruptor (Chrono Boost)  
  153  12:39  Zealot x2  
  152  12:50  Dark Templar  
  154  12:52  Probe x2  
  154  12:54  Zealot  
  148  13:08  Stalker x4  
  148  13:10  Disruptor  
  132  13:31  Disruptor  
  123  13:40  Probe (Chrono Boost)  
  103  13:42  Stalker x3  
  103  13:43  Stalker x2  
  116  13:53  Probe (Chrono Boost)  
  116  13:54  Probe x2 (Chrono Boost)  
  110  13:58  Disruptor (Chrono Boost)  
  111  14:07  Probe  
  111  14:09  Disruptor (Chrono Boost)  
  115  14:13  Archon  
  115  14:14  Archon  
  115  14:18  Photon Cannon  
  115  14:25  Stalker x3  
  115  14:26  Stalker  
  115  14:31  Disruptor (Chrono Boost)  
  119  14:37  Probe x2  
  119  14:38  Probe x2  
  124  14:48  Zealot x3  
  124  14:49  Probe x2  
  124  14:50  Zealot  
  132  14:53  Disruptor (Chrono Boost)  
  133  15:05  Stalker x2  
  137  15:13  Dark Templar  
  137  15:14  Dark Templar  
  139  15:17  Dark Templar  
  141  15:22  Disruptor  
  140  15:35  Stalker x2  
  140  15:36  Stalker  
  140  15:38  Disruptor (Chrono Boost)  
  149  15:50  Photon Cannon  
  147  15:57  Dark Templar  
  147  16:00  Protoss Ground Weapons Level 3  
  150  16:05  Photon Cannon  
  150  16:07  Photon Cannon  
  150  16:09  Pylon, Dark Templar  
  147  16:12  Dark Templar  
  145  16:20  Zealot x3  
  147  16:30  Dark Templar  
  137  16:42  Zealot x2  
  137  16:43  Zealot x2  
  145  16:53  Disruptor  
  139  16:54  Disruptor  
  142  17:08  Dark Templar  
  142  17:09  Stalker x2  
  142  17:10  Stalker x2  
  150  17:22  Nexus  
  150  17:24  Pylon  
  150  17:26  Disruptor (Chrono Boost)  
  150  17:27  Disruptor (Chrono Boost)  
  150  17:43  Stalker x5  
  160  17:49  Photon Cannon  
  160  17:51  Photon Cannon  
  160  17:54  Disruptor  
  161  18:04  Disruptor  
  148  18:17  Probe  
  148  18:18  Stalker  
  148  18:19  Stalker x4  
  151  18:30  Disruptor  
  152  18:39  Disruptor  
  152  18:43  Dark Templar x3  
  133  19:01  Stalker x2  
  126  19:05  Pylon, Disruptor  
  126  19:09  Pylon  
  119  19:15  Disruptor  
  95  19:18  Dark Templar  
  94  19:28  Stalker x4  
  102  19:32  Gateway  
  102  19:33  Gateway  
  99  19:54  Stalker x3  
  99  19:55  Stalker  
  99  19:59  Disruptor (Chrono Boost)  
  103  20:22  Disruptor (Chrono Boost)  
  87  20:29  Stalker x3  
  87  20:30  Stalker  
  95  20:39  Stalker x2  
  93  21:02  Dark Templar x2  
  93  21:03  Zealot  
  87  21:13  Zealot x4  
  87  21:16  Disruptor (Chrono Boost)  
  82  21:19  Probe x2  
  82  21:20  Probe  
  65  21:46  Zealot x6  
  76  21:47  Observer (Chrono Boost)  
  76  21:50  Assimilator  
  76  21:51  Observer  
  77  21:56  Probe x3  
  77  22:00  Probe  
Tags
 
Composition
Blink Stalkers
League
Master
Matchup
PvP
Spawn Locations
Cross Positions
Add a new tag
Caveats
  • Supply blocks, unpowered buildings, or Contaminate may cause inaccurate times.
  • Supply counts are checked every 10 seconds.